 Dungeon Crawl Stone Soup version 0.22.1-1-ga44c0e5 (webtiles) character file.

116362 wilfster70 the Severer (level 16, -6/97 HPs)
             Began as a Gargoyle Fighter on Oct 12, 2018.
             Was a High Priest of Cheibriados.
             Killed from afar by a Brimstone Fiend (27 damage)
             ... with damnation
             ... summoned by a deep elf demonologist
             ... on level 3 of the Elven Halls.
             The game lasted 01:29:47 (22915 turns).

wilfster70 the Severer (Gargoyle Fighter)          Turns: 22915, Time: 01:29:47

Health: -6/97      AC: 43    Str: 40    XL:     16   Next: 71%
Magic:  9/19       EV:  9    Int: 28    God:    Cheibriados [*****.]
Gold:   385        SH: 17    Dex: 19    Spells: 22/32 levels left

rFire    . . .     SeeInvis +   a - +4 war axe (vamp)
rCold    + + .     Gourm    .   c - +1 shield
rNeg     + . .     Faith    .   W - +8 chain mail of the First Princes {rPois MP-9 Str+4 SInv} rPois āˆž Spirit .
                                T - +2 helmet
rElec    +         Reflect  .   F - scarf {rC+ rF+}
rCorr    .         Harm     .   j - +2 pair of gloves
MR       +++++                  B - +2 pair of boots
Stlth    ..........             i - amulet of the acrobat
HPRegen  0.00/turn              K - ring of the Real Monster {Ice +Blink MR+++ Dex-3 Stlth+}
MPRegen  0.16/turn              m - ring of protection from magic

@: flying, very slow
A: big wings, molten scales 1, negative energy resistance 1, electricity
resistance, inhibited regeneration, strong 1, unbreathing, petrification
resistance, rot immunity, AC +12
a: Stop Flying, Bend Time, Temporal Distortion, Slouch, Step From Time, Renounce
Religion, Evoke Blink


You were on level 3 of the Elven Halls.
You worshipped Cheibriados.
Cheibriados was extremely pleased with you.
You were very hungry.

You visited 4 branches of the dungeon, and saw 21 of its levels.

You collected 2036 gold pieces.
You spent 1651 gold pieces at shops.

Inventory:

Hand Weapons
 a - a +4 vampiric war axe (weapon)
 b - a +0 flail of venom
Missiles
 g - 360 arrows
 k - 506 stones (quivered)
Armour
 c - a +1 shield (worn)
 j - a +2 pair of gloves (worn)
 B - a +2 pair of boots (worn)
 C - the +1 scale mail of the Okapi {Slay+3}
   (You found it on level 7 of the Dungeon)

   It affects your accuracy and damage with ranged weapons and melee attacks
   (+3).
 F - a scarf of resistance (worn)
 T - a +2 helmet (worn)
 W - the +8 chain mail of the First Princes (worn) {rPois MP-9 Str+4 SInv}
   (You found it on level 2 of the Elven Halls)

   It affects your strength (+4).
   It protects you from poison.
   It affects your magic capacity (-9).
   It lets you see invisible.
Jewellery
 i - an amulet of the acrobat (around neck)
 m - a ring of protection from magic (right hand)
 x - an uncursed ring of see invisible
 K - the ring of the Real Monster (left hand) {Ice +Blink MR+++ Dex-3 Stlth+}
   (You found it on level 10 of the Dungeon)

   [ring of ice]

   It enhances your ice magic.
   It affects your dexterity (-3).
   It makes you vulnerable to fire.
   It protects you from cold.
   It affects your resistance to hostile enchantments.
   It lets you blink.
   It makes you more stealthy.
 P - the ring "Keups" {rCorr Dex+2}
   (You acquired it on level 3 of the Lair of Beasts)

   [ring of resist corrosion]

   It affects your dexterity (+2).
Wands
 l - a wand of paralysis (24)
 v - a wand of disintegration (5)
 y - a wand of digging (22)
 N - a wand of acid (9)
 R - a wand of clouds (7)
 U - a wand of polymorph (11)
Scrolls
 e - 9 scrolls of remove curse
 q - a scroll of magic mapping
 r - 3 scrolls of fog
 w - 3 scrolls of amnesia
 E - 2 scrolls of summoning
 J - 7 scrolls of teleportation
 M - a scroll of fear
 O - 2 scrolls of blinking
Potions
 d - a potion of might
 h - 2 potions of degeneration {unknown}
 n - 5 potions of curing
 o - 4 potions of resistance
 p - 5 potions of agility
 s - 3 potions of haste {unknown}
 t - 4 potions of mutation
 u - 3 potions of brilliance
 A - 5 potions of heal wounds
 L - a potion of invisibility {unknown}
Comestibles
 f - 27 rations


   Skills:
 - Level 10.0 Fighting
 - Level 16.0 Axes
 - Level 9.0 Armour
 - Level 15.0 Shields
 + Level 8.5 Spellcasting
 + Level 6.1 Conjurations
 + Level 6.1 Fire Magic
 + Level 8.2 Earth Magic
 - Level 8.0 Invocations


You had 22 spell levels left.
You knew the following spells:

 Your Spells              Type           Power        Failure   Level  Hunger
a - Conjure Flame         Conj/Fire      #####...     3%          3    None
b - Sticks to Snakes      Tmut           ##......     21%         2    None
c - Bolt of Magma         Conj/Fire/Erth ######....   22%         5    ####...

Your spell library contained the following spells:

 Spells                   Type           Power        Failure   Level  Hunger
 Magic Dart               Conj           ####         1%          1    None
 Sticky Flame             Conj/Fire      #####...     11%         4    #......
 Beastly Appendage        Tmut           ##....       14%         1    None
 Confusing Touch          Hex            ##....       14%         1    None
 Summon Small Mammal      Summ           ##..         14%         1    None
 Mephitic Cloud           Conj/Pois/Air  ###.....     19%         3    None
 Blink                    Tloc           N/A          21%         2    None
 Call Imp                 Summ           ##......     21%         2    None
 Slow                     Hex            ##......     21%         2    None
 Petrify                  Tmut/Erth      ####....     26%         4    #......
 Confuse                  Hex            ##......     38%         3    None
 Gell's Gravitas          Tloc           ##........   38%         3    None
 Spider Form              Tmut/Pois      ##........   38%         3    None
 Summon Guardian Golem    Hex/Summ       ##......     38%         3    None
 Irradiate                Conj/Tmut      ####......   71%         5    ####...
 Cause Fear               Hex            ##........   80%         4    #......
 Ice Form                 Ice/Tmut       ###.....     80%         4    #......
 Bolt of Fire             Conj/Fire      #####.....   86%         6    ######.
 Aura of Abjuration       Summ           ##........   98%         5    ####...
 Blade Hands              Tmut           ##........   98%         5    ####...
 Metabolic Englaciation   Hex/Ice        ###.......   98%         5    ####...
 Silence                  Hex/Air        ##........   98%         5    ####...
 Yara's Violent Unravell  Hex/Tmut       ##........   98%         5    ####...
 Deflect Missiles         Chrm/Air       ##........   100%        6    ######.
 Malign Gateway           Summ/Tloc      ##........   100%        7    #######
 Discord                  Hex            ##........   100%        8    #######


Dungeon Overview and Level Annotations

Branches:
Dungeon (10/15)            Temple (0/1) D:6            Lair (6/6) D:9
 Shoals (0/4) Lair:3       Spider (0/4) Lair:3        Slime (0/5) Lair:5
    Orc (2/2) D:10            Elf (3/3) Orc:2

Altars:
Cheibriados
Fedhas
Gozag
Hepliaklqana
Nemelex Xobeh
Wu Jian
Xom
Yredelemnul
Zin
The Shining One
Beogh

Shops:
Orc:1 }   Orc:2 *!(?   Elf:3 (

Annotations:
D:9 2 transporters, exclusion: obsidian statue


Innate Abilities, Weirdness & Mutations

You are resistant to torment.
Your stone body is resilient. (AC +12)
You are immune to poison.
Your large and strong wings let you fly indefinitely.
You resist negative energy. (rN+)
You are resistant to electric shocks. (rElec)
You can survive without breathing.
You are immune to petrification.
You are immune to rotting.
You are partially covered in molten scales. (AC +2)
You do not regenerate when monsters are visible.
Your muscles are strong. (Str +2)


Message History

You hit the Brimstone Fiend but do no damage.
The Brimstone Fiend is almost dead.
The Brimstone Fiend hits you but does no damage.
You block the Brimstone Fiend's attack. x2
You hit the Brimstone Fiend but do no damage.
The Brimstone Fiend is almost dead.
The Brimstone Fiend hits you but does no damage.
You block the Brimstone Fiend's attack.
The Brimstone Fiend hits you but does no damage.
You hit the Brimstone Fiend but do no damage.
The Brimstone Fiend is almost dead.
You hit the Brimstone Fiend.
The Brimstone Fiend is almost dead.
The Brimstone Fiend hits you but does no damage. x2
You block the Brimstone Fiend's attack.
You barely miss the Brimstone Fiend.
The Brimstone Fiend is almost dead.
The Brimstone Fiend gestures at you.
The sphere of damnation explodes!
The damnation engulfs you!
You die...

##################
######..........@124ee#
.......#############41#
######## #ā‰ˆe# #)ā‰ˆ#
#eā‰ˆ# #eE# #..# #.e#
##### #..#


You could see a Brimstone Fiend, an Ice Fiend, a green death, 2 deep elf
demonologists, a hellwing and a red devil.

Vanquished Creatures
  Saint Roka (Orc:2)
  A deep elf blademaster (Elf:2)
  A deep elf sorcerer (Elf:3)
  A deep elf demonologist (Elf:1)
  3 deep elf annihilators
  Fannar (Orc:1)
  3 deep elf death magi
  3 hydras
  A centaur warrior (D:10)
  A two-headed ogre (D:10)
  26 dancing weapons
  3 orc high priests (Orc:2)
  17 deep elf knights
  4 skeletal warriors (D:10)
  8 deep elf archers
  8 orc knights
  46 deep elf magi
  5 orc sorcerers (Orc:2)
  A cyclops (D:10)
  6 elephants (Lair:6)
  9 spiny frogs
  3 rime drakes
  9 komodo dragons
  2 trolls (Orc:2)
  5 polar bears
  5 hornets (Lair:6)
  2 dream sheep (Lair:6)
  5 hippogriffs
  2 air elementals
  3 water elementals
  14 spriggans (Lair:6)
  35 yaks
  3 basilisks
  3 wyverns
  3 fire elementals
  3 hungry ghosts
  A hog (shapeshifter) (Elf:2)
  A vampire mosquito (D:10)
  7 wargs
  13 water moccasins
  6 porcupines
  3 black bears
  The ghost of Jaiteiro the Sneak, an amateur SpEE (D:4)
  A sky beast (D:6)
  29 orc warriors
  An ice beast (D:10)
  A necrophage (D:8)
  A phantom (D:10)
  2 centaurs
  31 wolves
  5 ogres
  3 boggarts (Lair:6)
  5 crocodiles
  11 bullfrogs
  4 earth elementals
  4 electric eels (Lair:6)
  A bullfrog zombie (D:5)
  5 crimson imps
  2 quasits
  6 hounds
  4 jellies
  A centaur zombie (D:10)
  16 orc priests
  2 bullfrog skeletons
  4 centaur skeletons
  Natasha (thrice) (D:4)
  30 orc wizards
  3 worker ants
  A hound skeleton (D:7)
  A worker ant zombie (D:10)
  3 gnolls (D:2)
  8 adders
  2 shadow imps
  An ooze (D:5)
  2 adder skeletons
  An adder zombie (D:8)
  3 worms
  A dart slug (D:3)
  4 leopard geckos
  79 orcs
  4 ball pythons
  8 bats
  6 giant cockroaches
  8 goblins
  7 hobgoblins
  22 jackals
  11 kobolds
  A quokka (D:8)
  5 frilled lizards
  A goblin skeleton (D:7)
  2 goblin zombies (D:7)
  3 hobgoblin zombies (D:7)
  3 kobold skeletons (D:7)
  A kobold zombie (D:7)
  A leopard gecko skeleton (D:5)
  A leopard gecko zombie (D:6)
  3 orc skeletons (D:7)
  An orc zombie (D:7)
  A quokka skeleton (D:4)
  A quokka zombie (D:5)
  12 rats
  A plant (Lair:5)
662 creatures vanquished.

Vanquished Creatures (others)
  A skeletal warrior (D:10)
  An orc wizard (D:10)
  7 fungi
  3 plants
12 creatures vanquished.

Grand Total: 674 creatures vanquished

Notes
Turn   | Place    | Note
-------+----------+-------------------------------------------
     0 | D:1      | wilfster70 the Gargoyle Fighter began the quest for the
                  | Orb.
     0 | D:1      | Reached XP level 1. HP: 14/14 MP: 1/1
    49 | D:1      | Reached skill level 2 in Axes
   306 | D:1      | Reached XP level 2. HP: 14/19 MP: 2/2
   566 | D:1      | Reached XP level 3. HP: 22/23 MP: 3/3
  1089 | D:2      | Found a faded altar of an unknown god.
  1117 | D:2      | Became a worshipper of Cheibriados the Contemplative
  1117 | D:2      | Reached * piety under Cheibriados
  1388 | D:2      | Reached XP level 4. HP: 29/29 MP: 4/4
  1455 | D:2      | Reached skill level 3 in Axes
  1719 | D:2      | Found a blossoming altar of Fedhas.
  1758 | D:2      | Reached ** piety under Cheibriados
  2053 | D:3      | Reached skill level 1 in Invocations
  2053 | D:3      | Reached XP level 5. HP: 29/33 MP: 5/5
  2117 | D:3      | Found a sparkling altar of Nemelex Xobeh.
  2193 | D:3      | Paralysed by an orc for 4 turns
  2758 | D:3      | Reached *** piety under Cheibriados
  2812 | D:3      | Learned a level 3 spell: Conjure Flame
  3037 | D:3      | Reached XP level 6. HP: 38/38 MP: 7/7
  3282 | D:4      | Noticed Natasha
  3293 | D:4      | Killed Natasha
  3432 | D:4      | Noticed Natasha
  3438 | D:4      | Killed Natasha
  3472 | D:4      | Noticed Natasha
  3480 | D:4      | Killed Natasha
  3529 | D:4      | Gained mutation: You are partially covered in molten
                  | scales. (AC +2) [potion of mutation]
  3529 | D:4      | Gained mutation: You do not regenerate when monsters are
                  | visible. [potion of mutation]
  3529 | D:4      | Gained mutation: Your muscles are strong. (Str +2) [potion
                  | of mutation]
  3634 | D:4      | Found a transporter.
  3635 | D:4      | Noticed Jaiteiro's ghost (amateur SpEE)
  3658 | D:4      | Found a transporter.
  3673 | D:4      | Reached skill level 4 in Axes
  3694 | D:4      | Killed Jaiteiro's ghost
  3694 | D:4      | Reached XP level 7. HP: 16/44 MP: 8/8
  4345 | D:5      | Entered Level 5 of the Dungeon
  4516 | D:5      | Reached **** piety under Cheibriados
  4875 | D:5      | Reached skill level 5 in Fighting
  4875 | D:5      | Reached skill level 5 in Armour
  4875 | D:5      | Reached skill level 5 in Shields
  5205 | D:6      | Reached skill level 5 in Axes
  5205 | D:6      | Reached XP level 8. HP: 47/49 MP: 10/10
  5214 | D:6      | Noticed a yak
  5214 | D:6      | Noticed a yak
  5215 | D:6      | Noticed a yak
  5217 | D:6      | Noticed a yak
  5218 | D:6      | Noticed a yak
  5227 | D:6      | Killed a yak
  5229 | D:6      | Killed a yak
  5230 | D:6      | Killed a yak
  5235 | D:6      | HP: 1/50 [yak (8)]
  5238 | D:6      | Killed a yak
  5240 | D:6      | Killed a yak
  5240 | D:6      | Reached skill level 6 in Axes
  5420 | D:6      | Reached XP level 9. HP: 43/55 MP: 12/12
  5949 | D:6      | Found a staircase to the Ecumenical Temple.
  6070 | D:6      | Found a hazy altar of Hepliaklqana.
  6070 | D:6      | Found an ornate altar of the Wu Jian Council.
  6387 | D:7      | Got a shimmering scale mail
  6388 | D:7      | Identified the +1 scale mail of the Okapi {Slay+3} (You
                  | found it on level 7 of the Dungeon)
  6416 | D:7      | Reached ***** piety under Cheibriados
  6450 | D:7      | Found a glowing golden altar of the Shining One.
  6553 | D:7      | Found a shimmering altar of Xom.
  6919 | D:7      | Reached skill level 5 in Invocations
  7130 | D:8      | Reached skill level 7 in Axes
  7294 | D:8      | Found a basalt altar of Yredelemnul.
  7487 | D:8      | Reached skill level 12 in Axes
  7487 | D:8      | Reached XP level 10. HP: 61/61 MP: 14/14
  7488 | D:8      | Reached XP level 11. HP: 66/66 MP: 15/15
  7497 | D:8      | Found a glowing silver altar of Zin.
  7500 | D:8      | Noticed an angel
  7503 | D:8      | Found a shimmering altar of Xom.
  7900 | D:9      | Found a staircase to the Lair.
  8154 | D:9      | Found a transporter.
  8156 | D:9      | Noticed a deep elf archer
  8156 | D:9      | Noticed a frost giant
  8158 | D:9      | Noticed an obsidian statue
  8165 | D:9      | Found a transporter.
  8537 | D:9      | Found an opulent altar of Gozag.
  8795 | D:10     | Entered Level 10 of the Dungeon
  8881 | D:10     | Reached ****** piety under Cheibriados
  9190 | D:10     | Found a staircase to the Orcish Mines.
  9283 | D:10     | Reached XP level 12. HP: 72/72 MP: 16/16
  9600 | D:10     | Noticed a centaur warrior
  9619 | D:10     | Killed a centaur warrior
  9943 | D:10     | Got a coiled silver ring
  9946 | D:10     | Identified the ring of the Real Monster {Ice +Blink MR+++
                  | Dex-3 Stlth+} (You found it on level 10 of the Dungeon)
  9982 | D:10     | Noticed a two-headed ogre
  9994 | D:10     | Killed a two-headed ogre
 10507 | Lair:1   | Entered Level 1 of the Lair of Beasts
 11024 | Lair:1   | Reached skill level 13 in Axes
 11689 | Lair:2   | Reached XP level 13. HP: 79/79 MP: 18/18
 12186 | Lair:3   | Found a hole to the Spider Nest.
 12207 | Lair:3   | Found a staircase to the Shoals.
 12482 | Lair:3   | Identified a scroll of acquirement
 12485 | Lair:3   | Got a heavily runed silver ring
 12487 | Lair:3   | Identified the ring "Keups" {rCorr Dex+2} (You acquired it
                  | on level 3 of the Lair of Beasts)
 13339 | Lair:5   | Found a staircase to the Slime Pits.
 14463 | Lair:6   | Entered Level 6 of the Lair of Beasts
 14923 | Lair:6   | Reached skill level 14 in Axes
 15081 | Lair:6   | Got a twisted chain mail
 15082 | Lair:6   | Identified the cursed +1 chain mail of Darkness {*Slow rF-
                  | rC+++ rN+++} (You found it on level 6 of the Lair of
                  | Beasts)
 15377 | Lair:6   | Gained mutation: Your large and strong wings let you fly
                  | indefinitely. [Gargoyle growth]
 15377 | Lair:6   | Reached XP level 14. HP: 38/87 MP: 16/20
 15549 | Lair:6   | Reached skill level 10 in Fighting
 16090 | Lair:6   | Identified the Handbook of Ash
 16518 | Orc:1    | Entered Level 1 of the Orcish Mines
 16519 | Orc:1    | Noticed Fannar
 16537 | Orc:1    | Killed Fannar
 16762 | Orc:2    | Entered Level 2 of the Orcish Mines
 17031 | Orc:2    | Reached skill level 15 in Axes
 17083 | Orc:2    | Found a roughly hewn altar of Beogh.
 17085 | Orc:2    | Noticed Saint Roka
 17130 | Orc:2    | Killed Saint Roka
 17444 | Orc:2    | Found a staircase to the Elven Halls.
 17811 | Orc:2    | Found Inaedaewoa's Assorted Antiques.
 17811 | Orc:2    | Found Buirempaenn's Magic Scroll Shop.
 17813 | Orc:2    | Found Ickey's Distillery.
 17813 | Orc:2    | Found Jaskeip's Antique Weapon Shop.
 17826 | Orc:2    | Bought a scroll of blinking for 127 gold pieces
 17826 | Orc:2    | Bought 2 scrolls of teleportation for 102 gold pieces
 17826 | Orc:2    | Bought a scroll of teleportation for 51 gold pieces
 17826 | Orc:2    | Bought a scroll of enchant weapon for 127 gold pieces
 17826 | Orc:2    | Bought a scroll of enchant armour for 127 gold pieces
 17828 | Orc:2    | Bought an encrusted battleaxe for 333 gold pieces
 17831 | Orc:2    | Bought a potion of mutation for 128 gold pieces
 17831 | Orc:2    | Bought a potion of heal wounds for 80 gold pieces
 17831 | Orc:2    | Bought a potion of heal wounds for 80 gold pieces
 17831 | Orc:2    | Bought a potion of heal wounds for 80 gold pieces
 17831 | Orc:2    | Bought 2 potions of mutation for 256 gold pieces
 17831 | Orc:2    | Bought 2 potions of heal wounds for 160 gold pieces
 17942 | Orc:1    | Found Wivuorim's Gadget Boutique.
 18044 | Orc:1    | Found a roughly hewn altar of Beogh.
 18391 | Elf:1    | Entered Level 1 of the Elven Halls
 18405 | Elf:1    | Noticed a deep elf demonologist
 18411 | Elf:1    | Noticed an Executioner
 18598 | Elf:1    | Reached skill level 16 in Axes
 18601 | Elf:1    | Reached XP level 15. HP: 92/92 MP: 21/21
 18629 | Elf:1    | Reached skill level 15 in Shields
 18659 | Elf:1    | Identified the Compendium of Companions
 18672 | Elf:1    | Identified the +4 battleaxe "Curinoix" {drain, rN++ Int+3
                  | Dex+5} (You bought it in a shop on level 2 of the Orcish
                  | Mines)
 18718 | Elf:1    | Reached skill level 1 in Conjurations
 18836 | Elf:1    | Reached skill level 1 in Spellcasting
 18836 | Elf:1    | Reached skill level 1 in Fire Magic
 19236 | Elf:1    | Learned a level 2 spell: Sticks to Snakes
 20303 | Elf:2    | Noticed a deep elf blademaster
 20314 | Elf:2    | Reached skill level 5 in Conjurations
 20368 | Elf:2    | Killed a deep elf blademaster
 20368 | Elf:2    | Reached skill level 5 in Fire Magic
 20516 | Elf:2    | Reached skill level 5 in Spellcasting
 20759 | Elf:2    | Learned a level 5 spell: Bolt of Magma
 20925 | Elf:2    | Found a runed gate.
 20926 | Elf:2    | Found a runed gate.
 20928 | Elf:2    | Found a runed gate.
 20942 | Elf:2    | Reached skill level 1 in Earth Magic
 20942 | Elf:2    | Reached XP level 16. HP: 97/97 MP: 24/24
 21519 | Elf:2    | Reached skill level 5 in Earth Magic
 21691 | Elf:2    | Got a jewelled chain mail
 21702 | Elf:2    | Identified the +8 chain mail of the First Princes {rPois
                  | MP-9 Str+4 SInv} (You found it on level 2 of the Elven
                  | Halls)
 22027 | Elf:3    | Entered Level 3 of the Elven Halls
 22059 | Elf:3    | Found Sebbiex's Weapon Boutique.
 22882 | Elf:3    | Noticed a Brimstone Fiend
 22886 | Elf:3    | Noticed an Ice Fiend
 22915 | Elf:3    | Killed from afar by a Brimstone Fiend

Skill      XL: |  1  2  3  4  5  6  7  8  9 10 11 12 13 14 15 16 |
---------------+-------------------------------------------------+-----
Axes           | 2 3 4 5 6 12 13 14 16 | 16.0
Fighting       | 4 5 6 7 8 9 10 | 10.0
Invocations    | 1 2 3 4 5 7 8 |  8.0
Shields        | 4 5 6 11 12 13 14 15 | 15.0
Armour         | 4 5 6 7 8 9 |  9.0
Conjurations   | 6 |  6.1
Spellcasting   | 5 8 |  8.5
Fire Magic     | 6 |  6.1
Earth Magic    | 1 8 |  8.2

Action                   |  1- 3 |  4- 6 |  7- 9 | 10-12 | 13-15 | 16-18 || total
-------------------------+-------+-------+-------+-------+-------+-------++-------
Melee: War axe           |   122 |   209 |   274 |   330 |   942 |   311 ||  2188
       Flail             |       |       |       |       |   120 |       ||   120
Invok: Slouch            |       |       |       |     4 |    10 |     7 ||    21
 Abil: Fly               |       |       |       |       |     1 |       ||     1
  Use: Scroll            |       |     6 |    11 |     7 |    16 |     1 ||    41
       Potion            |       |     1 |     2 |     2 |     6 |       ||    11
 Stab: Distracted        |       |       |       |       |     2 |       ||     2
  Eat: Chunk             |     1 |     4 |     5 |     7 |    17 |     5 ||    39
       Ration            |       |       |     1 |     2 |     2 |       ||     5
Armor: Scale mail        |   100 |   130 |    38 |   107 |   485 |    39 ||   899
       Chain mail        |       |    38 |    58 |       |       |    83 ||   179
       Plate armour      |       |       |    98 |    30 |       |       ||   128
Dodge: Dodged            |    52 |    74 |   101 |   142 |   453 |   102 ||   924
Block: Shield            |    90 |   131 |   204 |   286 |   941 |   249 ||  1901
